 Dungeon Crawl Stone Soup version 0.23-a0-350-g6fd5563 (webtiles) character file.

18837 namelastname112 the Cleaver (level 12, -3/110 HPs)
             Began as a Pale Draconian Wanderer on Oct 20, 2018.
             Was a Believer of Ashenzari.
             Incinerated by a deep elf mage (5 damage)
             ... with a sticky flame
             ... on level 11 of the Dungeon.
             The game lasted 00:22:13 (14789 turns).

namelastname112 the Cleaver (DrWn)                 Turns: 14789, Time: 00:22:14

Health: -3/110     AC: 10    Str: 18    XL:     12   Next: 31%
Magic:  18/18      EV: 16    Int: 16    God:    Ashenzari [**....]
Gold:   698        SH:  0    Dex:  9    Spells: 17/20 levels left

rFire    . . .     SeeInvis .   j - +7 war axe "Jupitu" {elec, rElec rC+ Str+3 Int-3 Stlth+} (curse)
rCold    + . .     Gourm    .   (no shield)
rNeg     + . .     Faith    +   (armour unavailable)
rPois    .         Spirit   .   e - +2 hat
rElec    +         Reflect  .   (no cloak)
rCorr    .         Harm     .   (no gloves)
MR       .....                  (no boots)
Stlth    +.........             u - amulet of faith
HPRegen  0.28/turn              y - ring of positive energy
MPRegen  0.16/turn              F - +3 ring of slaying (curse)

@: lethally poisoned (-3 -> -3), liquid flames, short of breath, glowing
A: breathe steam, unfitting armour, cold-blooded, AC +8
a: Breathe Steam, Curse Item, Scrying, Renounce Religion


You were on level 11 of the Dungeon.
You worshipped Ashenzari.
Ashenzari was pleased with you.
You were not hungry.

You visited 2 branches of the dungeon, and saw 12 of its levels.
You also visited: Bailey.

You collected 1867 gold pieces.
You spent 1169 gold pieces at shops.

Inventory:

Hand Weapons
 j - the cursed +7 war axe "Jupitu" (weapon) {elec, rElec rC+ Str+3 Int-3 Stlth+}
   (You bought it in a shop on level 5 of the Dungeon)

   Occasionally, upon striking a foe, it will discharge some electrical energy
   and cause terrible harm.
   It affects your strength (+3).
   It affects your intelligence (-3).
   It protects you from cold.
   It insulates you from electricity.
   It makes you more stealthy.
   It has a curse placed upon it.
Missiles
 s - 14 tomahawks of returning (quivered)
 H - 6 throwing nets
Armour
 e - a +2 hat (worn)
 l - a +0 buckler
Jewellery
 b - an uncursed ring of positive energy
 m - an uncursed ring of wizardry
 u - an amulet of faith (around neck)
 y - a ring of positive energy (left hand)
 F - a cursed +3 ring of slaying (right hand)
 J - a +4 ring of slaying
Wands
 p - a wand of scattershot (6)
 r - a wand of polymorph (16)
 x - a wand of disintegration (14)
 B - a wand of iceblast (2)
 E - a wand of random effects (50)
 I - a wand of flame (1)
Scrolls
 a - 3 scrolls of amnesia
 i - a scroll of magic mapping
 k - 6 scrolls of teleportation
 w - a scroll of immolation
 C - 4 scrolls of enchant armour
 D - a scroll of blinking
 K - a scroll of identify
Potions
 c - 4 potions of curing
 d - 2 potions of magic
 g - 3 potions of heal wounds
 h - 4 potions of mutation
 n - 2 potions of might
 o - 3 potions of flight
 q - 3 potions of brilliance
 t - 3 potions of haste {unknown}
 v - a potion of resistance
 z - 2 potions of invisibility
 A - a potion of ambrosia
 G - a potion of lignification
Comestibles
 f - 17 rations


   Skills:
 + Level 11.4 Fighting
 * Level 13.0(15.0) Axes
 + Level 9.6 Dodging
 - Level 1.0 Shields
 - Level 4.5 Spellcasting
   Level 3.0 Transmutations
   Level 1.0 Ice Magic
   Level 2.0 Poison Magic
 - Level 1.1 Evocations


You had 17 spell levels left.
You knew the following spells:

 Your Spells              Type           Power        Failure   Level  Hunger
c - Stone Arrow           Conj/Erth      #.....       43%         3    ###....

Your spell library contained the following spells:

 Spells                   Type           Power        Failure   Level  Hunger
 Passwall                 Tmut/Erth      #.......     13%         2    ##.....
 Magic Dart               Conj           #...         16%         1    None
 Sandblast                Erth           #.....       16%         1    None
 Summon Small Mammal      Summ           #...         16%         1    None
 Poisonous Vapours        Pois/Air       #.....       16%         2    ##.....
 Blink                    Tloc           N/A          24%         2    ##.....
 Call Imp                 Summ           #.......     24%         2    ##.....
 Slow                     Hex            #.......     24%         2    ##.....
 Mephitic Cloud           Conj/Pois/Air  #.......     36%         3    ###....
 Conjure Flame            Conj/Fire      #.......     43%         3    ###....
 Recall                   Summ/Tloc      N/A          43%         3    ###....
 Petrify                  Tmut/Erth      #.......     65%         4    ####...
 Summon Lightning Spire   Summ/Air       #.......     85%         4    ####...
 Lee's Rapid Deconstruct  Erth           #.........   99%         5    ######.
 Silence                  Hex/Air        #.........   99%         5    ######.
 Deflect Missiles         Chrm/Air       #.........   100%        6    #######


Dungeon Overview and Level Annotations

Branches:
Dungeon (11/15)            Temple (1/1) D:6            Lair (0/6) D:11
    Orc (0/2) D:9

Altars:
Ashenzari
Cheibriados
Dithmenos
Elyvilon
Fedhas
Gozag
Hepliaklqana
Kikubaaqudgha
Makhleb
Nemelex Xobeh
Okawaru
Qazlal
Ru
Sif Muna
Trog
Uskayaw
Vehumet
Wu Jian
Xom
Yredelemnul
Zin
The Shining One

Shops:
D:5 (}*   D:7 *

Annotations:
D:2 Sigmund


Innate Abilities, Weirdness & Mutations

You can breathe blasts of scalding, opaque steam.
Your pale cyan-grey scales are hard. (AC +8)
You cannot fit into any form of body armour.
You are cold-blooded and may be slowed by cold attacks.


Message History

Press: ? - help, Shift-Dir - straight line, f - deep elf mage
Aim: a deep elf mage, wielding a +0 dagger and wearing a +0 leather armour You exhale a blast of scalding steam.
The ball of steam hits the deep elf mage.
The deep elf mage is almost dead.
The ball of steam misses the fire elemental.
You feel slightly more hungry.
You are covered in liquid flames!
* * * LOW HITPOINT WARNING * * *
You feel sick. The fire elemental hits you.
* * * LOW HITPOINT WARNING * * *
The fire elemental burns you!
* * * LOW HITPOINT WARNING * * *
The deep elf mage is engulfed in a cloud of scalding steam.
You kill the deep elf mage!
The fire elemental disappears in a puff of smoke! x2
Your base Axes skill increases to level 13!
You take 16 damage, and have 2/110 hp.
You are covered in liquid flames!
You die...

..# #..†.^# ..#
#)....# #.#
####)#### #.#
#.......# #.#
#.......#* #.#
#.#.#.#.# * ###
* #.#.#.#.# ##
,* #
#.#.#.##+## .#
,,+.#.#§#@')..#
.## *
*#....§§.#)#.#
..# *
#..§§.).#.# #
#.# *,,
'.#.#.#.'.. #.#
, # #.#.##+#
### * * #.#.#
,,* *, ,* # #.#
,* * * ..#* * *
..#


There were no monsters in sight!

Vanquished Creatures
  Josephine (D:11)
  Erolcha (D:9)
  Harold (D:11)
  2 two-headed ogres
  A vampire mage (D:11)
  2 deep elf magi (D:11)
  Pikel (D:5)
  4 centaur zombies (D:8)
  Joseph (D:10)
  4 naga magi (D:11)
  2 centaur skeletons (D:8)
  2 hellwings (D:8)
  2 trolls
  3 hippogriffs
  3 yaks (D:11)
  2 wyverns
  5 wraiths (D:11)
  Eustachio (D:5)
  2 hungry ghosts
  Menkaure (D:5)
  A warg (D:9)
  An acid dragon (D:11)
  Duvessa (D:4)
  2 ice beasts
  12 orc warriors
  A swamp drake (D:11)
  2 sky beasts
  3 necrophages
  A phantom (D:6)
  A slave (D:5)
  4 centaurs
  5 ogres
  3 crocodiles (D:11)
  5 bullfrogs
  A water moccasin zombie (D:5)
  3 scorpions
  Dowan (D:4)
  14 killer bees
  5 wights (D:7)
  2 howler monkeys
  8 crimson imps
  2 bullfrog zombies
  7 hounds
  A jelly (D:10)
  8 orc priests
  Ijyb (D:4)
  4 iguanas
  14 orc wizards
  5 worker ants
  A killer bee zombie (D:6)
  A hound skeleton (D:9)
  2 worker ant zombies
  2 howler monkey zombies
  12 adders
  7 shadow imps
  An ooze (D:1)
  6 worms
  3 dart slugs
  8 leopard geckos
  54 orcs
  2 ball pythons
  10 giant cockroaches
  11 goblins
  10 hobgoblins
  8 jackals
  18 kobolds
  2 quokkas
  8 bats
  5 frilled lizards
  A leopard gecko skeleton (D:2)
  A quokka skeleton (D:6)
  A quokka zombie (D:9)
  2 rats (D:2)
335 creatures vanquished.

Vanquished Creatures (others)
  A slave (D:8)
  An iron imp (D:9)
  An orc wizard (D:5)
3 creatures vanquished.

Grand Total: 338 creatures vanquished

Notes
Turn   | Place    | Note
-------+----------+-------------------------------------------
     0 | D:1      | namelastname112 the Draconian Wanderer began the quest for
                  | the Orb.
     0 | D:1      | namelastname112 set off with: a potion of curing, a +0
                  | club, a ration
     0 | D:1      | Reached XP level 1. HP: 14/14 MP: 3/3
   532 | D:1      | Learned a level 1 spell: Sandblast
   576 | D:1      | Reached skill level 1 in Fighting
   576 | D:1      | Reached XP level 2. HP: 19/23 MP: 5/5
   790 | D:1      | Reached skill level 1 in Dodging
  1115 | D:1      | Reached XP level 3. HP: 25/28 MP: 1/6
  1706 | D:2      | Found a blossoming altar of Fedhas.
  1893 | D:2      | Noticed Sigmund
  2133 | D:3      | Reached XP level 4. HP: 35/36 MP: 0/8
  2244 | D:3      | Found an ornate altar of the Wu Jian Council.
  2590 | D:3      | Found an iron altar of Okawaru.
  3098 | D:3      | Reached XP level 5. HP: 22/44 MP: 9/9
  3175 | D:3      | Learned a level 3 spell: Stone Arrow
  4206 | D:4      | You fall through a shaft!
  4206 | D:5      | Entered Level 5 of the Dungeon
  4470 | D:5      | Noticed an ogre
  4470 | D:5      | Noticed Menkaure
  4493 | D:6      | Got a pair of transparent gloves
  4499 | D:6      | Identified the cursed -4 pair of gloves of Tifuproo {rC++}
                  | (You found it on level 6 of the Dungeon)
  4555 | D:6      | Reached XP level 6. HP: 29/51 MP: 11/11
  5228 | D:5      | Found Yskaf's Weapon Shoppe.
  5228 | D:5      | Noticed Eustachio
  5262 | D:5      | Killed Eustachio
  5262 | D:5      | Your scales start taking on a pale cyan-grey colour.
  5262 | D:5      | Reached XP level 7. HP: 35/60 MP: 3/13
  5344 | D:5      | Reached skill level 1 in Axes
  5503 | D:5      | Killed Menkaure
  5503 | D:5      | Reached skill level 5 in Fighting
  5503 | D:5      | Reached skill level 2 in Axes
  5563 | D:5      | Found Foeti's Assorted Antiques.
  5570 | D:5      | Bought 2 bubbling inky potions for 46 gold pieces
  5570 | D:5      | Bought a large blue amulet for 130 gold pieces
  5607 | D:5      | Found Soanuh's Gadget Shop.
  5610 | D:5      | Found an opulent altar of Gozag.
  5705 | D:5      | Reached skill level 3 in Axes
  5862 | D:4      | Found a hide-covered altar of Uskayaw.
  5911 | D:4      | Reached XP level 8. HP: 69/69 MP: 14/14
  5927 | D:4      | Found a blossoming altar of Fedhas.
  5991 | D:4      | Noticed Dowan
  5992 | D:4      | Noticed Duvessa
  6002 | D:4      | Killed Dowan
  6011 | D:4      | Killed Duvessa
  6284 | D:4      | Noticed Ijyb
  6292 | D:4      | Killed Ijyb
  6305 | D:4      | Reached skill level 4 in Axes
  6387 | D:4      | Found a glowing silver altar of Zin.
  6571 | D:4      | Found a sparkling altar of Nemelex Xobeh.
  6844 | D:5      | Found a basalt altar of Yredelemnul.
  6903 | D:5      | Found a white marble altar of Elyvilon.
  7040 | D:5      | Noticed Pikel
  7052 | D:5      | Killed Pikel
  7052 | D:5      | Reached skill level 5 in Axes
  7052 | D:5      | Reached skill level 5 in Dodging
  7068 | D:5      | Found a sacrificial altar of Ru.
  7317 | D:6      | Reached XP level 9. HP: 40/78 MP: 15/15
  7532 | D:6      | Reached skill level 6 in Axes
  7709 | D:6      | You fall through a shaft for 2 floors!
  7731 | D:8      | Noticed a hellwing
  7758 | D:8      | Reached skill level 7 in Axes
  7781 | D:8      | Noticed a hellwing
  7802 | D:8      | Found a flagged portal.
  7807 | Bailey   | Entered a bailey
  8151 | Bailey   | Reached skill level 8 in Axes
  8177 | Bailey   | Found a bloodstained altar of Trog.
  8184 | Bailey   | Identified the Tome of Enthralling Feathers
  8421 | D:8      | Reached XP level 10. HP: 60/89 MP: 16/16
  8919 | D:5      | Bought the +7 war axe "Jupitu" {elec, rElec rC+ Str+3 Int-3
                  | Stlth+} for 945 gold pieces
  9033 | D:6      | Reached skill level 9 in Axes
  9057 | D:6      | Found a staircase to the Ecumenical Temple.
  9331 | Temple   | Entered the Ecumenical Temple
  9464 | Temple   | Became a worshipper of Ashenzari the Shackled
 10422 | D:7      | Found Lyssuos's General Store.
 10427 | D:7      | Reached * piety under Ashenzari
 10432 | D:7      | Bought a scroll of teleportation for 48 gold pieces
 11003 | D:9      | Noticed a two-headed ogre
 11045 | D:9      | Killed a two-headed ogre
 11045 | D:9      | Reached skill level 10 in Axes
 11290 | D:9      | Found a snail-covered altar of Cheibriados.
 11292 | D:9      | Noticed Erolcha
 11299 | D:9      | Paralysed by Erolcha for 5 turns
 11304 | D:9      | Killed Erolcha
 11360 | D:9      | Reached XP level 11. HP: 79/99 MP: 17/17
 11497 | D:9      | Found a staircase to the Orcish Mines.
 11887 | D:9      | Reached skill level 11 in Axes
 12054 | D:9      | Found a radiant altar of Vehumet.
 12055 | D:9      | Found a burning altar of Makhleb.
 12292 | D:10     | Entered Level 10 of the Dungeon
 12302 | D:10     | Reached skill level 10 in Fighting
 12645 | D:10     | Noticed Joseph
 12652 | D:10     | Killed Joseph
 13035 | D:10     | Reached ** piety under Ashenzari
 13649 | D:11     | Found a basalt altar of Yredelemnul.
 13656 | D:11     | Noticed Josephine
 13672 | D:11     | Killed Josephine
 13672 | D:11     | Reached skill level 12 in Axes
 13953 | D:11     | Noticed a two-headed ogre
 13959 | D:11     | Killed a two-headed ogre
 14279 | D:11     | Reached XP level 12. HP: 97/108 MP: 18/18
 14313 | D:11     | Found a staircase to the Lair.
 14592 | D:11     | Noticed Harold
 14594 | D:11     | Noticed a vampire mage
 14599 | D:11     | Killed Harold
 14628 | D:11     | Killed a vampire mage
 14788 | D:11     | HP: 2/110 [fire elemental[a deep elf mage] (8)]
 14788 | D:11     | Reached skill level 13 in Axes
 14789 | D:11     | Incinerated by a deep elf mage

Vault maps used:
D:1:      nicolae_arrival_somewhat_less_tricky_arrival, minmay_misc_feat_rugged,
          minmay_tromino_v7
D:2:      fedhas_altar_1, uniq_sigmund
D:3:      nicolae_overflow_crystal_walls, first_ration, okawaru_metal_pillars_3
D:4:      lemuel_crystal_altar, kennysheep_mini, eat_drink_and_be_merry_uskayaw,
          marbit_many_paths, uniq_ijyb, uniq_duvessa
D:5:      kennysheep_ying_yang, lemuel_coloured_pillars_altar, serial_shops,
          nicolae_shop_waterfront, nicolae_shop_behind_doors, shop, basic_altar,
          minmay_misc_feat_hallway, uniq_menkaure, uniq_eustachio, uniq_pikel
D:6:      temple_doors_e
D:7:      serial_shops, nicolae_shop_temple_entry_statues_fountains
D:8:      cheibrodos_grave_circle, enter_bailey_3
D:9:      grunt_temple_overflow_lords_of_destruction, slow_altar_1, david_orc_3,
          uniq_erolcha
D:10:     uniq_joseph
D:11:     evilmike_library_of_no_secrets, erik_lair_dragon, basic_altar,
          uniq_harold, uniq_josephine
Temple:   jpeg_temple_clearing
Bailey:   bailey_axe_3, bailey

Skill      XL: |  1  2  3  4  5  6  7  8  9 10 11 12 |
---------------+-------------------------------------+-----
Fighting       | 1 2 3 4 5 6 8 9 10 11 | 11.4
Dodging        | 1 2 3 4 5 6 8 9 |  9.6
Spellcasting   | 3 4 |  4.5
Axes           | 3 5 8 10 12 13 | 13.0
Shields        | |  1.0
Transmutations | |  3.0
Ice Magic      | |  1.0
Poison Magic   | |  2.0
Evocations     | |  1.1

Action                   |  1- 3 |  4- 6 |  7- 9 | 10-12 || total
-------------------------+-------+-------+-------+-------++-------
Melee: Mace              |    57 |       |       |       ||    57
       Tailslap          |     7 |    17 |    30 |    37 ||    91
       Club              |     2 |       |       |       ||     2
       Dagger            |    98 |   238 |       |       ||   336
       Hand axe          |       |    78 |   231 |    25 ||   334
       War axe           |       |       |       |   353 ||   353
Throw: Tomahawk          |       |       |    12 |     4 ||    16
       Stone             |       |       |    12 |       ||    12
 Cast: Sandblast         |    33 |    19 |       |       ||    52
       Stone Arrow       |       |     5 |       |       ||     5
Invok: Curse Item        |       |       |       |     2 ||     2
 Abil: Breathe Steam     |       |       |    14 |    13 ||    27
Evoke: Wand              |       |       |       |     3 ||     3
  Use: Scroll            |     3 |     1 |     4 |    11 ||    19
       Potion            |       |     1 |     3 |     3 ||     7
 Stab: Invisible         |       |       |     4 |       ||     4
       Sleeping          |       |       |       |     4 ||     4
  Eat: Chunk             |     4 |    10 |    10 |    14 ||    38
       Ration            |       |       |     1 |     3 ||     4
Armor: Skin              |    91 |   126 |    95 |   115 ||   427
Dodge: Dodged            |   146 |   194 |   188 |   281 ||   809

Table legend:
 A = Non-vault XP
 B = Vault XP
 C = Vault XP percentage of total XP
 D = Non-vault monster count
 E = Vault monster count
 F = Vault count percentage of total count
                 A         B        C        D         E       F
            +---------+---------+-------+---------+---------+-------
      Total |   12273 |   14637 |  54.4 |     265 |      71 |  21.1
            +---------+---------+-------+---------+---------+-------
        D:1 |      38 |       4 |   9.5 |      20 |       2 |   9.1
        D:2 |      48 |       0 |   0.0 |      18 |       0 |   0.0
        D:3 |     156 |       0 |   0.0 |      29 |       0 |   0.0
        D:4 |     184 |     261 |  58.7 |      10 |       4 |  28.6
        D:5 |     543 |     956 |  63.8 |      22 |       3 |  12.0
        D:6 |     852 |       0 |   0.0 |      20 |       0 |   0.0
        D:7 |    1396 |       0 |   0.0 |      28 |       0 |   0.0
        D:8 |     506 |    3474 |  87.3 |      12 |      17 |  58.6
        D:9 |    3077 |    1468 |  32.3 |      40 |       9 |  18.4
       D:10 |    1628 |     475 |  22.6 |      24 |       1 |   4.0
       D:11 |    3845 |    7588 |  66.4 |      42 |      19 |  31.1
     Bailey |       0 |     411 | 100.0 |       0 |      16 | 100.0
            +---------+---------+-------+---------+---------+-------
